 Dungeon Crawl Stone Soup version 0.31.0-32-g396128a36d (webtiles) character file.

Game seed: 17435620244940792491

649 imdaedric the Conjurer (level 7, -5/40 HPs)
             Began as a Deep Elf Conjurer on Apr 20, 2024.
             Slain by Duvessa
             ... wielding a +6 short sword of electrocution
              (19 damage)
             ... on level 5 of the Dungeon.
             The game lasted 00:08:51 (4852 turns).

imdaedric the Conjurer (Deep Elf Conjurer)          Turns: 4852, Time: 00:08:52

Health: -5/40      AC:  4    Str:  4    XL:     7   Next: 28%
Magic:  6/26       EV: 12    Int: 25    God:
Gold:   290        SH:  0    Dex: 13    Spells: 11/16 levels left

rFire   . . .        q - +2 dagger (drain)
rCold   . . .        (no shield)
rNeg    + . .        a - +0 robe
rPois   .            c - +2 hat
rElec   .            (no cloak)
rCorr   .            (no gloves)
SInv    .            (no boots)
Will    .....        (no amulet)
Stlth   ++           h - ring of magical power
HPRegen 0.26/turn    f - ring of positive energy
MPRegen 0.20/turn

%: no passive effects
@: no status effects
A: no striking features
a: no special abilities


You were on level 5 of the Dungeon.
You visited 1 branch of the dungeon, and saw 5 of its levels.

You collected 290 gold pieces.

Inventory:

Hand Weapons
 q - a +2 dagger of draining (weapon)
Armour
 a - a +0 robe (worn)
 c - a +2 hat (worn)
Jewellery
 f - a ring of positive energy (right hand)
 h - a ring of magical power (left hand)
Wands
 j - a wand of digging (6)
 m - a wand of mindburst (7)
 r - a wand of paralysis (7)
Scrolls
 i - a scroll of fog {unknown}
 k - 2 scrolls of amnesia
 s - a scroll of identify
Potions
 b - a potion of magic
 d - 2 potions of berserk rage {unknown}
 e - 3 potions of curing
 l - 2 potions of ambrosia {unknown}
 n - 3 potions of lignification {unknown}
 o - a potion of haste {unknown}
 p - a potion of resistance {unknown}


   Skills:
 + Level 2.6 Fighting
 - Level 2.4 Dodging
 - Level 2.4 Stealth
 + Level 5.4 Spellcasting
 + Level 5.9 Conjurations
 + Level 3.6 Translocations
 + Level 3.6 Alchemy


You had 11 spell levels left.
You knew the following spells:

 Your Spells              Type           Power      Damage    Failure   Level
a - Magic Dart            Conj           100%       1d8       1%          1
b - Blink                 Tloc           48%        N/A       2%          2
z - Searing Ray           Conj           72%        2d7       1%          2

Your spell library contained the following spells:

 Spells                   Type           Power      Damage    Failure   Level
 Cigotuvi's Dreadful Rot  Necr/Alch/Air  24%        N/A       8%          2
 Fulminant Prism          Conj/Alch      15%        3d10      11%         4
 Iskenderun's Mystic Bla  Conj/Tloc      30%        2d8       11%         4
 Call Imp                 Summ           12%        N/A       12%         2
 Call Canine Familiar     Summ           6%         N/A       24%         3
 Sigil of Binding         Hex            6%         N/A       24%         3
 Dimensional Bullseye     Hex/Tloc       7%         N/A       36%         4
 Ignite Poison            Fire/Alch      15%        N/A       36%         4
 Freezing Cloud           Conj/Ice/Air   8%         6-21      69%         5


Dungeon Overview and Level Annotations

Branches:
Dungeon (5/15)
 Temple: D:4-7

Altars:
Fedhas
Kikubaaqudgha

Shops:
D:2 *

Annotations:
D:5 Duvessa


Message History

Duvessa hits you with a +6 short sword of electrocution!
* * * LOW HITPOINT WARNING * * *
Okay, then.
Casting: Searing Ray (safe; 1% risk of failure)
Confirm with . or Enter, or press ? or * to list all spells.
You blink.
Duvessa yells, "You can run, but you cannot escape us forever!"
You feel much better. Dowan hits you but does no damage.
Duvessa closely misses you.
Okay, then.
Dowan misses you. Duvessa attacks as she pursues you!
Duvessa hits you with a +6 short sword of electrocution!
You feel ready to blink again. Dowan attacks as he pursues you!
Dowan barely misses you. Dowan attacks as he pursues you!
Dowan hits you but does no damage.
Dowan points at you and mumbles some strange words.
The puff of flame misses you.
Casting: Blink (safe; 2% risk of failure)
Confirm with . or Enter, or press ? or * to list all spells.
Aiming: Searing Ray (safe; 1% risk of failure)
Press: ? - help, Shift-Dir - straight line, f/p - Duvessa
Aim: Duvessa, wielding a +6 short sword of electrocution and wearing a +0 leather armour (heavily wounded, 83% to hit)
The searing ray hits Dowan.
Dowan is almost dead.
The searing ray misses Duvessa. (Press . to maintain the ray.)
The searing ray hits Dowan!
You kill Dowan!
Duvessa screams, "No!
How DARE you!"
Duvessa goes berserk!
The searing ray hits Duvessa!
Duvessa is severely wounded.
The searing ray hits Duvessa.
Duvessa is severely wounded.
Duvessa closely misses you. Duvessa barely misses you.
The searing ray hits Duvessa!
Duvessa is almost dead.
You finish channelling your searing ray.
Duvessa hits you with a +6 short sword of electrocution!!
You are electrocuted!!
You die...

#........+...
#.#......#.###
#............#
#..........#.
#..........#
#.....##.#.#
### #........#
# ..##
#.....##e#
...#
#.....##@#
...#
#.######.#
...# #. ..#
...# # .###
...# #. ...# #
##.# .# #


You could see Duvessa (berserk).

Vanquished Creatures
  A water moccasin (D:5)
  A black bear (D:4)
  A phantom (D:4)
  Dowan (D:5)
  A hound (D:4)
  A jelly (D:5)
  An orc priest (D:5)
  An iguana (D:4)
  Ijyb (D:5)
  An orc wizard (D:3)
  3 gnolls (D:4)
  4 adders
  2 ribbon worms
  11 orcs
  4 bats
  4 endoplasms
  3 giant cockroaches
  4 goblins
  7 hobgoblins
  5 kobolds
  2 quokkas
  13 ball pythons
  2 frilled lizards
  5 rats
79 creatures vanquished.

Notes
Turn   | Place    | Note
-------+----------+-------------------------------------------
     0 | D:1      | imdaedric the Deep Elf Conjurer began the quest for the
                  | Orb.
     0 | D:1      | Reached XP level 1. HP: 10/10 MP: 6/6
   246 | D:1      | Reached XP level 2. HP: 15/15 MP: 6/8
   249 | D:1      | Learned a level 2 spell: Searing Ray
   930 | D:2      | Found Vemar's General Store.
   943 | D:2      | Reached skill level 1 in Translocations
  1060 | D:2      | Reached skill level 1 in Alchemy
  1335 | D:2      | Reached XP level 3. HP: 20/20 MP: 1/9
  2393 | D:3      | Reached skill level 1 in Fighting
  2394 | D:3      | Reached XP level 4. HP: 25/25 MP: 11/11
  2478 | D:3      | Found a blossoming altar of Fedhas.
  2478 | D:3      | Found an ancient bone altar of Kikubaaqudgha.
  3215 | D:4      | Noticed a phantom
  3257 | D:4      | Killed a phantom
  3258 | D:4      | Reached skill level 5 in Conjurations
  3258 | D:4      | Reached XP level 5. HP: 6/29 MP: 8/13
  3474 | D:4      | Noticed a black bear
  3522 | D:4      | Killed a black bear
  3523 | D:4      | Reached XP level 6. HP: 35/35 MP: 14/14
  4615 | D:5      | Entered Level 5 of the Dungeon
  4707 | D:5      | Learned a level 2 spell: Blink
  4726 | D:5      | Noticed Ijyb
  4731 | D:5      | Killed Ijyb
  4731 | D:5      | Noticed a water moccasin
  4732 | D:5      | Reached skill level 5 in Spellcasting
  4740 | D:5      | Killed a water moccasin
  4741 | D:5      | Reached XP level 7. HP: 26/40 MP: 16/16
  4829 | D:5      | Noticed Dowan
  4831 | D:5      | Noticed Duvessa
  4850 | D:5      | Killed Dowan
  4852 | D:5      | Slain by Duvessa

Illustrated notes

Levels and vault maps discovered:
D:1:      dpeg_arrival_line_fractal, layout_loops_ring
D:2:      layout_basic, serial_shops, shop
D:3:      layout_loops_corners, grunt_temple_overflow_growth_and_decay
D:4:      layout_loops_corners, kennysheep_generic_room_10
D:5:      layout_basic, uniq_duvessa, uniq_edmund, uniq_ijyb

Skill      XL: |  1  2  3  4  5  6 |
---------------+-------------------+-----
Translocations | 1 2 3 |  3.6
Alchemy        | 1 2 3 |  3.6
Fighting       | 1 2 |  2.6
Spellcasting   | 4 5 |  5.4
Conjurations   | 5 |  5.9
Dodging        | |  2.4
Stealth        | |  2.4

Action                     |  1- 3 |  4- 6 |  7- 9 || total
---------------------------+-------+-------+-------++-------
   Cast: Magic Dart        |    36 |    51 |     1 ||    88
         Searing Ray       |    15 |    23 |     6 ||    44
         Blink             |       |     1 |     2 ||     3
    Use: Scroll            |     2 |     1 |       ||     3
         Potion            |       |     1 |     1 ||     2
 Armour: Robe              |     1 |    11 |    11 ||    23
  Dodge: Dodged            |     4 |     8 |     8 ||    20
